 Dungeon Crawl Stone Soup version 0.30-a0-241-g1121274140 (webtiles) character file.

Game seed: 8881790169847143046

123 Lobster4 the Shooter (level 4, -2/26 HPs)
             Began as a Deep Elf Hunter on Oct 10, 2022.
             Slain by a wraith (6 damage)
             ... in an ossuary.
             The game lasted 00:08:11 (2924 turns).

Lobster4 the Shooter (Deep Elf Hunter)              Turns: 2924, Time: 00:08:11

Health: -2/26      AC:  6    Str:  7    XL:     4   Next: 79%
Magic:  6/6        EV:  9    Int: 13    God:
Gold:   85         SH:  0    Dex: 24    Spells: 3/3 levels left

rFire   x . .      SeeInvis .    q - staff of air
rCold   . . .      Faith    .    (no shield)
rNeg    . . .      Spirit   .    u - +0 scale mail
rPois   .          Reflect  .    (no helmet)
rElec   +          Harm     .    (no cloak)
rCorr   .          Rampage  .    (no gloves)
Will    .....                    (no boots)
Stlth   +.........               (no amulet)
HPRegen 0.24/turn                (no ring)
MPRegen 0.10/turn                (no ring)

@: about to teleport, on berserk cooldown, slowed, very slow
A: agile 1, heat vulnerability 1
a: no special abilities


You were in an ossuary.
You visited 1 branch of the dungeon, and saw 4 of its levels.
You also visited: Ossuary.

You collected 85 gold pieces.

Inventory:

Hand Weapons
 a - a +0 shortbow
 b - a +0 dagger
Missiles
 d - 21 stones
 k - 4 poisoned darts
Armour
 c - a +0 leather armour
 l - a +0 ring mail
 u - a +0 scale mail (worn)
Magical Staves
 q - a staff of air (weapon)
Wands
 n - a wand of digging (5)
Scrolls
 e - a scroll of amnesia
 f - 2 scrolls of immolation
 h - a scroll of enchant weapon {unknown}
 j - a scroll of fog {unknown}
 m - a scroll of noise {unknown}
Potions
 o - a potion of mutation
 p - a potion of flight


   Skills:
 + Level 2.3 Fighting
 + Level 6.0 Ranged Weapons
 + Level 1.5 Armour
 + Level 3.5 Dodging
 - Level 2.0 Stealth
 + Level 1.1 Evocations


You had 3 spell levels left.
You didn't know any spells.
Your spell library contained the following spells:

 Spells                   Type           Power      Damage    Failure   Level
 Apportation              Tloc           0%         N/A       98%         1
 Alistair's Intoxication  Tmut/Pois      0%         N/A       100%        5


Dungeon Overview and Level Annotations

Branches:
Dungeon (4/15)            Ossuary (1/1)
 Temple: D:4-7

Altars:

Shops:
D:1 **:(


Innate Abilities, Weirdness & Mutations

You are agile. (Dex +4, Str/Int -1)
You are vulnerable to heat. (rF-)


Message History

You closely miss the wraith.
The wraith is severely damaged.
The wraith hits you. The wraith drains your vigour!
You feel as though you will be slow longer.
The wraith hits you. The wraith drains your vigour!
You feel as though you will be slow longer.
You hit the wraith but do no damage.
The wraith is severely damaged.
The wraith hits you! The wraith drains your vigour!
You feel as though you will be slow longer.
You hit the wraith.
The wraith is severely damaged.
The wraith misses you.
You barely miss the wraith.
The wraith is severely damaged.
The wraith hits you!
* * * LOW HITPOINT WARNING * * *
The wraith drains your vigour!
You feel as though you will be slow longer.
You hit the wraith but do no damage.
The wraith is severely damaged.
You are no longer berserk.
You are exhausted.
You feel as though you will be slow longer.
The wraith hits you.
* * * LOW HITPOINT WARNING * * *
You hit the wraith but do no damage.
The wraith is severely damaged.
The wraith hits you.
* * * LOW HITPOINT WARNING * * *
The wraith drains your vigour!
You feel as though you will be slow longer.
The wraith hits you but does no damage.
You feel better. The wraith hits you. The wraith hits you!
* * * LOW HITPOINT WARNING * * *
You feel better. The wraith hits you.
* * * LOW HITPOINT WARNING * * *
As you read the scroll of teleportation, it crumbles to dust.
You feel strangely unstable. The wraith hits you.
You die...

#####+#####
#.........##
#...##@##...## .
.##..W##...## .
##..!!.##...# ..
#.!!?!..#...+
...##...?.##...#
#...##...##...##
. #...#####...##
...##.........##
....#####'#####..


You could see a wraith.

Vanquished Creatures
  2 mummies
  3 adders (D:2)
  4 dart slugs
  An orc (D:3)
  4 ball pythons
  2 endoplasms
  9 goblins
  5 hobgoblins
  6 jackals
  3 quokkas
  6 bats
  3 gnoll skeletons (Ossuary)
  A kobold (D:1)
  2 kobold skeletons (Ossuary)
  4 orc skeletons (Ossuary)
  5 rats
60 creatures vanquished.

Notes
Turn   | Place    | Note
-------+----------+-------------------------------------------
     0 | D:1      | Lobster4 the Deep Elf Hunter began the quest for the Orb.
     0 | D:1      | Reached XP level 1. HP: 12/12 MP: 3/3
    69 | D:1      | Found Lecioceol's Antique Weapon Shop.
   176 | D:1      | Reached XP level 2. HP: 17/17 MP: 4/4
   294 | D:1      | Found Obbom's Assorted Antiques.
   371 | D:1      | Found Jairocap's General Store.
   605 | D:1      | Found Ofyadig's Book Shoppe.
  1094 | D:2      | Reached XP level 3. HP: 21/21 MP: 5/5
  1182 | D:2      | Reached skill level 1 in Armour
  1650 | D:2      | Found a faded altar of an unknown god.
  1725 | D:3      | Reached XP level 4. HP: 26/26 MP: 6/6
  2611 | D:3      | Gained mutation: You are agile. (Dex +4, Str/Int -1)
                  | [potion of mutation]
  2611 | D:3      | Gained mutation: You are vulnerable to heat. (rF-) [potion
                  | of mutation]
  2693 | D:4      | Found a sand-covered staircase.
  2746 | Ossuary  | Entered an ossuary
  2746 | Ossuary  | Noticed a wraith
  2746 | Ossuary  | Noticed a wraith
  2746 | Ossuary  | Noticed a wraith
  2803 | Ossuary  | Reached skill level 1 in Evocations
  2809 | Ossuary  | Reached skill level 6 in Ranged Weapons
  2893 | Ossuary  | Noticed a wraith
  2924 | Ossuary  | Slain by a wraith

Illustrated notes

Levels and vault maps discovered:
D:1:      roderic_octagonal_star, layout_basic, serial_shops, shop, shop, shop,
          nicolae_diamond_shop
D:2:      layout_basic, dilly_ecumenical_altar_fadedgnrine
D:3:      kennysheep_the_goblin_king, layout_basic
D:4:      layout_gridville, good_gods_temple_1,
          nicolae_ru_great_annihilating_truth, nicolae_ossuary_entry_giza,
          glass_columns_a
Ossuary:  ossuary_due_mausoleum

Skill      XL: |  1  2  3  4 |
---------------+-------------+-----
Stealth        | 2 |  2.0
Fighting       | 2 |  2.3
Armour         | 1 |  1.5
Dodging        | 3 |  3.5
Evocations     | 1 |  1.1
Ranged Weapons | 6 |  6.0

Action                   |  1- 3 |  4- 6 || total
-------------------------+-------+-------++-------
Melee: Staff             |       |    14 ||    14
 Fire: Shortbow          |    78 |    58 ||   136
  Use: Scroll            |       |     6 ||     6
       Potion            |       |     6 ||     6
Armor: Leather armour    |     7 |       ||     7
       Scale mail        |       |    29 ||    29
       Ring mail         |       |     2 ||     2
Dodge: Dodged            |    25 |    16 ||    41

Table legend: (Time is in decaauts)
 A = Elapsed time spent in this place.
 B = Non-inter-level travel time spent in this place.
 C = Inter-level travel time spent in this place.
 D = Time resting spent in this place.
 E = Time spent auto-exploring this place.
 F = Levels seen in this place.
 G = Mean time per level.
                   A        B        C        D        E       F      G
               +--------+--------+--------+--------+--------+-----+--------+
         Total |   2979 |   2831 |    148 |    166 |   2211 |   5 |  595.8 |
       Dungeon |   2783 |   2635 |    148 |     85 |   2168 |   4 |  695.8 |
       Ossuary |    196 |    196 |      0 |     81 |     43 |   1 |  196.0 |
               +--------+--------+--------+--------+--------+-----+--------+

Top non-repeatable levels by time:
     D:1: 1088 daAuts
     D:3: 1000 daAuts
     D:2: 622 daAuts
 Ossuary: 196 daAuts
     D:4: 71 daAuts
